AoeStats
← meditator27

Arena

507069847Analyzed
4v4 RM · 14d ago on Sep 16, 2026· 30m 16s· 8 players
Game mode
Random Map
Map size
Large (8 player)
Population
200
Speed
Normal
Resources
Standard
Victory
Conquest
Starting age
Dark Age
Ending age
Imperial Age
RankedLock teamsTeams togetherTeam positionsShared explorationLock speedFull tech treeHidden civsTurbo modeCheats
Victory
Defeat
🇨🇿 Bengalis · Czechia
1407
+14
🇺🇦 Spanish · Ukraine
1406
+14
🇨🇳 Mongols · China
1340
+16
🇨🇳 Cumans · China
1322
+18
🇨🇳 Franks · China
1369
-16
🇨🇳 Spanish · China
1368
-16
🇯🇵 Chinese · Japan
1358
-16
🇹🇼 Khmer · Taiwan
1320
-14
τττß讠τㄷん
0:45 Loom
12:23 Feudal Age
16:11 Castle Age
14:23 Double-Bit Axe
15:16 Horse Collar
18:21 Heavy Plow
20:04 Bow Saw
21:36 Wheelbarrow
23:31 Gold Mining
24:50 Gold Shaft Mining
24:36 Hand Cart
Ren
10:42 Feudal Age
14:37 Castle Age
12:36 Double-Bit Axe
13:34 Horse Collar
14:05 Loom
15:38 Bow Saw
22:08 Husbandry
22:33 Fletching
24:38 Bloodlines
meditator27
11:08 Feudal Age
14:13 Castle Age
12:32 Double-Bit Axe
12:50 Horse Collar
15:18 Bow Saw
15:16 Heavy Plow
20:52 Wheelbarrow
21:41 Gold Mining
21:42 Stone Mining
22:46 Hand Cart
22:20 Loom
23:53 Hand Cart
297539664
9:44 Feudal Age
13:18 Castle Age
11:35 Double-Bit Axe
14:22 Bow Saw
23:22 Gold Mining
25:05 Wheelbarrow
25:37 Gold Shaft Mining
28:32 Imperial Age
27:03 Scale Barding Armor
27:09 Forging
27:15 Hand Cart
28:36 Cavalier
29:16 Husbandry
29:06 Loom
29:37 Chivalry
29:55 Cavalier
Karabas
10:52 Feudal Age
14:38 Castle Age
13:11 Double-Bit Axe
13:30 Horse Collar
16:03 Bow Saw
16:05 Heavy Plow
21:11 Gold Mining
22:17 Wheelbarrow
23:26 Loom
23:26 Town Watch
23:52 Stone Mining
27:25 Imperial Age
25:49 Scale Barding Armor
26:31 Hand Cart
26:36 Forging
27:21 Chain Barding Armor
27:37 Bloodlines
27:27 Husbandry
28:35 Iron Casting
27:50 Cavalier
29:06 Plate Barding Armor
29:12 Paladin
国际悍匪Arosy
8:33 Feudal Age
9:21 Double-Bit Axe
9:20 Horse Collar
13:29 Loom
18:03 Wheelbarrow
20:22 Castle Age
18:35 Scale Barding Armor
18:40 Forging
18:55 Bloodlines
20:04 Gold Mining
21:25 Chain Barding Armor
21:33 Bow Saw
21:53 Light Cavalry
23:22 Loom
27:50 Heavy Plow
30:34 Imperial Age
28:38 Hand Cart
西巴老嘛
10:37 Feudal Age
14:31 Castle Age
13:07 Double-Bit Axe
16:34 Loom
17:51 Bow Saw
20:15 Horse Collar
21:30 Fletching
23:33 Ballistics
23:14 Bodkin Arrow
24:33 Padded Archer Armor
26:54 Wheelbarrow
28:05 Heavy Plow
DetectiveYemitoShumafuk
10:15 Feudal Age
11:34 Wheelbarrow
14:04 Castle Age
12:34 Horse Collar
20:53 Sanctity
22:20 Fervor
22:10 Double-Bit Axe
22:27 Heavy Plow
23:24 Loom
23:53 Bow Saw
24:19 Gold Mining
24:19 Stone Mining
28:42 Imperial Age
26:27 Hand Cart
26:34 Scale Mail Armor
26:45 Forging
26:26 Town Watch
27:24 Gold Shaft Mining
26:59 Squires
27:41 Ballistics
28:27 Chain Mail Armor
28:47 Iron Casting
28:01 Arson
28:43 Town Patrol
29:07 Redemption
29:39 Block Printing
29:51 Illumination
29:46 Elite Battle Elephant
Connection lost

Rejoining the realm…

Still unreachable

The connection could not be restored.

Session expired

The server has moved on; the page needs a fresh start.